 Dungeon Crawl Stone Soup version 0.29.1-2-gbd0b4ee654 (webtiles) character file.

Game seed: 17442789298301451688

108 Arcadio the Ducker (level 4, -1/38 HPs)
             Began as a Merfolk Monk on Oct 26, 2022.
             Was a Believer of Zin.
             Slain by a gnoll
             ... wielding a +0 halberd
              (11 damage)
             ... on level 4 of the Dungeon.
             The game lasted 00:07:29 (2726 turns).

Arcadio the Ducker (Merfolk Monk)                   Turns: 2726, Time: 00:07:31

Health: -1/38      AC:  2    Str: 11    XL:     4   Next: 87%
Magic:  4/4        EV: 15    Int:  9    God:    Zin [**....]
Gold:   38         SH:  0    Dex: 18    Spells: 3/3 levels left

rFire   . . .      SeeInvis +   b - +9 heavy crossbow "Sniper" {vorpal, Acc+∞ SInv}
rCold   . . .      Faith    .   (shield currently unavailable)
rNeg    . . .      Spirit   .   j - +0 robe
rPois   .          Reflect  .   (no helmet)
rElec   .          Harm     .   (no cloak)
rCorr   .          Rampage  .   (no gloves)
Will    .....                   (no boots)
Stlth   ++........              (no amulet)
HPRegen 0.12/turn               (no ring)
MPRegen 0.09/turn               (no ring)

@: no status effects
A: (nimble swimmer 2), mertail
a: Renounce Religion, Recite, Vitalisation, Donate Gold


You were on level 4 of the Dungeon.
You worshipped Zin.
Zin was pleased with you.
You visited 1 branch of the dungeon, and saw 4 of its levels.

You collected 86 gold pieces.
You donated 48 gold pieces to Zin.

Inventory:

Hand Weapons
 a - a +0 spear
 b - the +9 heavy crossbow "Sniper" (weapon) {vorpal, Acc+∞ SInv}
   (You found it on level 2 of the Dungeon)

   Any ammunition fired from it inflicts extra damage upon your enemies.
   Any ammunition fired from it never misses its target.
   SInv:      It lets you see invisible.
Armour
 h - a +0 ring mail
 j - a +0 robe (worn)
 k - the +0 robe of the Cockatrice {rElec Will+++ Str-2 Int-4 Archmagi}
   (You found it on level 2 of the Dungeon)

   Str:       It affects your strength (-2).
   Int:       It affects your intelligence (-4).
   rElec:     It insulates you from electricity.
   Archmagi:  It increases the power of your magical spells.
   Will:      It greatly increases your willpower.
 o - a +0 scale mail
Scrolls
 d - 7 scrolls of identify {unknown}
 e - 3 scrolls of poison {unknown}
 f - a scroll of enchant weapon {unknown}
 g - a scroll of magic mapping {unknown}
 m - 2 scrolls of teleportation {unknown}
 p - a scroll of fog {unknown}
Potions
 c - a potion of ambrosia
 i - a potion of flight {unknown}
 l - 2 potions of berserk rage {unknown}
Miscellaneous
 n - a piece from Xom's chessboard (15/15)


   Skills:
 + Level 4.4 Fighting
 + Level 5.2 Polearms
 + Level 5.2 Dodging
 - Level 2.1 Stealth


You had 3 spell levels left.
You didn't know any spells.
Your spell library contained the following spells:

 Spells                   Type           Power      Damage    Failure   Level
 Sandblast                Erth           0%         2d4       38%         1
 Passwall                 Tmut/Erth      0%         N/A       52%         2
 Stone Arrow              Conj/Erth      0%         3d7       77%         3


Dungeon Overview and Level Annotations

Branches:
Dungeon (4/15) Zot: 21218
 Temple: D:4-7

Altars:
Nemelex Xobeh
Xom
Zin

Annotations:
D:4 Grinder, Sigmund


Innate Abilities, Weirdness & Mutations

((You are very nimble when in or above water. (Stealth+, EV+, Speed+++)))
Your lower body shifts to a powerful aquatic tail in water.


Message History

Fire: b) +9 heavy crossbow "Sniper" {vorpal, Acc+∞ SInv}
Press: ? - help, Q - select action, (/) - cycle Shift-Dir - straight line, f - gnoll
Aim: a gnoll, wielding a +0 halberd (100% to hit)
You shoot a bolt. The gnoll shouts!
The bolt hits the gnoll!
You kill the gnoll!
The gnoll hits you from afar with a +0 halberd!
* * * LOW HITPOINT WARNING * * *
The gnoll hits you from afar with a +0 halberd.
* * * LOW HITPOINT WARNING * * *
The gnoll misses you.
You climb upwards.
There is a stone staircase leading down here.
You start resting.
HP restored.
You climb downwards.
Level annotation: Grinder, Sigmund The gnoll misses you.
The kobold hits you with a +0 dagger.
An orc comes into view. It is wielding a +0 short sword.
The kobold hits you with a +0 dagger. The gnoll closely misses you.
There is a stone staircase leading up, spattered with blood here.
Fire: b) +9 heavy crossbow "Sniper" {vorpal, Acc+∞ SInv}
Press: ? - help, Q - select action, (/) - cycle Shift-Dir - straight line, f - gnoll
Aim: a gnoll, wielding a +0 flail (100% to hit)
You shoot a bolt. The orc shouts!
The bolt hits the gnoll!
The gnoll is severely wounded.
The gnoll hits you with a +0 flail! The gnoll barely misses you.
The kobold barely misses you.
A dart slug comes into view.
The gnoll hits you with a +0 flail!
The gnoll hits you from afar with a +0 halberd!
* * * LOW HITPOINT WARNING * * *
The kobold hits you with a +0 dagger.
* * * LOW HITPOINT WARNING * * *
The kobold closely misses you.
The gnoll hits you from afar with a +0 halberd!
You die...

.......##
........##
.........#
.........#
.........#
.........#
......g..##
.....).@..#
.!....K...#
..#.)gP...#
#...P~~..#
.w....♣~?.#
..o..~~~~..
###...P.....
<..........
.. .


You could see 2 gnolls, a dart slug, an orc and a kobold.

Vanquished Creatures
  2 gnolls (D:4)
  5 adders
  2 dart slugs (D:3)
  4 ball pythons
  8 endoplasms
  A giant cockroach (D:1)
  A goblin (D:2)
  A hobgoblin (D:2)
  2 quokkas (D:2)
  4 bats (D:2)
  3 frilled lizards
  6 kobolds
  5 rats
44 creatures vanquished.

Notes
Turn   | Place    | Note
-------+----------+-------------------------------------------
     0 | D:1      | Arcadio the Merfolk Monk began the quest for the Orb.
     0 | D:1      | Reached XP level 1. HP: 18/18 MP: 1/1
   547 | D:1      | Reached XP level 2. HP: 24/24 MP: 2/2
   850 | D:1      | You fall into a shaft and drop 1 floor!
   945 | D:2      | Found the +9 heavy crossbow "Sniper" {vorpal, Acc+∞ SInv}
  1006 | D:2      | Reached XP level 3. HP: 30/30 MP: 3/3
  1043 | D:2      | Identified the +0 robe of the Cockatrice {rElec Will+++
                  | Str-2 Int-4 Archmagi}
  1639 | D:3      | Found a shimmering altar of Xom.
  1796 | D:3      | Reached XP level 4. HP: 37/37 MP: 4/4
  1912 | D:3      | Found a sparkling altar of Nemelex Xobeh.
  1950 | D:3      | Reached skill level 5 in Polearms
  1950 | D:3      | Reached skill level 5 in Dodging
  1998 | D:3      | Found a glowing silver altar of Zin.
  2004 | D:3      | Became a worshipper of Zin the Law-Giver
  2004 | D:3      | Reached * piety under Zin
  2004 | D:3      | Reached ** piety under Zin
  2385 | D:4      | Noticed Grinder
  2385 | D:4      | Noticed Sigmund
  2441 | D:3      | Donated 40 gold pieces to Zin
  2726 | D:4      | Slain by a gnoll

Illustrated notes

Levels and vault maps discovered:
D:1:      ebering_trefoil_twist, layout_basic, shapermc_ecumenical_altar_petra,
          minmay_misc_feat_iff, dreamdust_mushroom_princess
D:2:      layout_basic, mrwooster_statue_mirror, st_stairs_3, eino_tiny_chamber
D:3:      minmay_evil_eye, layout_loops_ring, xom_butterflies,
          lemuel_doored_altar, nemelex_spade_bored_becter
D:4:      layout_rooms, lemuel_tele_altar, serial_bayou_pond_d, uniq_grinder,
          uniq_sigmund

Skill      XL: |  1  2  3  4 |
---------------+-------------+-----
Fighting       | 4 |  4.4
Polearms       | 5 |  5.2
Dodging        | 5 |  5.2
Stealth        | |  2.1

Action                   |  1- 3 |  4- 6 || total
-------------------------+-------+-------++-------
Melee: Spear             |    47 |       ||    47
       Punch             |     1 |       ||     1
 Fire: Heavy crossbow    |    20 |    15 ||    35
Invok: Donate Gold       |       |     1 ||     1
 Stab: Sleeping          |     2 |       ||     2
Armor: Robe              |    12 |       ||    12
Dodge: Dodged            |    45 |     7 ||    52
